Map: Lost and Found LE

Players

Reynor - Winner!

  • Race: Zerg Zerg
  • Spawn Location: 7:00

ShoWTimE

  • Race: Protoss Protoss
  • Spawn Location: 1:00

Event: WCS Valencia 2018

VOD

Have the link to the VOD?

Description

Time

  • Played on: July 12, 2018, 1:41 p.m.
  • Length: 15:33

All games in this series

Show
View Real Time Build Order
Export as new Build Order

Reynor Zerg - Winner!

Build Orders: Hatch First 

Get SALT Encoding   

  12  0:00  Drone  
  13  0:12  Overlord  
  13  0:16  Drone  
  14  0:30  Drone x2  
  16  0:47  Hatchery  
  15  0:50  Drone  
  15  0:54  Drone  
  17  0:59  Drone  
  18  1:08  Extractor  
  17  1:13  Spawning Pool  
  17  1:17  Drone  
  17  1:19  Drone  
  18  1:28  Drone  
  19  1:39  Overlord  
  19  1:50  Drone  
  20  2:00  Zergling x4  
  20  2:01  Queen x2  
  26  2:10  Drone x2  
  26  2:14  Metabolic Boost  
  28  2:20  Drone  
  28  2:21  Drone  
  30  2:38  Hatchery  
  30  2:40  Drone  
  30  2:41  Drone  
  30  2:44  Drone  
  32  2:48  Overlord  
  32  2:56  Queen  
  32  2:58  Drone  
  35  3:04  Zergling x2  
  36  3:06  Drone  
  36  3:10  Drone  
  36  3:12  Queen  
  40  3:13  Overlord  
  40  3:16  Drone  
  40  3:18  Drone  
  42  3:20  Drone  
  42  3:22  Drone  
  44  3:27  Overlord  
  44  3:32  Spore Crawler, Drone  
  44  3:36  Spore Crawler, Drone  
  44  3:44  Evolution Chamber  
  44  3:45  Drone  
  44  3:47  Drone x3  
  47  3:56  Drone x3  
  47  3:57  Drone x2  
  52  4:03  Drone x2  
  52  4:07  Overlord  
  52  4:09  Drone  
  55  4:12  Drone x2  
  55  4:13  Drone  
  55  4:15  Overlord  
  57  4:20  Zerg Melee Weapons Level 1  
  57  4:27  Queen x2  
  57  4:29  Zergling x4  
  63  4:33  Drone x3  
  63  4:35  Zergling x2  
  63  4:37  Zergling x2  
  68  4:39  Overlord  
  68  4:40  Drone  
  68  4:42  Extractor, Zergling x2  
  68  4:45  Drone x2  
  70  4:48  Drone  
  70  4:50  Lair  
  70  4:52  Zergling x2  
  72  4:53  Drone x2  
  72  4:56  Overlord  
  74  5:01  Zergling x2  
  74  5:02  Queen  
  74  5:05  Queen  
  79  5:09  Zergling x2  
  79  5:10  Drone x2  
  82  5:14  Overlord x2  
  82  5:17  Drone x4  
  82  5:18  Drone  
  87  5:25  Drone  
  87  5:26  Drone  
  87  5:30  Zergling x6  
  87  5:35  Extractor, Zergling x10  
  94  5:37  Spine Crawler  
  94  5:39  Zergling x6  
  94  5:40  Queen  
  97  5:43  Overlord  
  97  5:44  Drone  
  98  5:51  Hydralisk Den  
  98  5:52  Zergling x6  
  98  5:57  Drone x3  
  102  6:01  Hatchery  
  102  6:03  Extractor, Overlord  
  102  6:04  Evolution Chamber, Drone x4  
  105  6:06  Overseer  
  105  6:07  Drone x2  
  105  6:08  Drone  
  107  6:13  Extractor  
  107  6:15  Zergling x4  
  107  6:16  Zergling x2  
  108  6:22  Grooved Spines  
  107  6:26  Extractor, Baneling Nest  
  107  6:27  Zerg Melee Weapons Level 2  
  107  6:29  Drone  
  107  6:32  Overlord  
  107  6:33  Hatchery  
  104  6:40  Hydralisk x3  
  104  6:43  Zergling x12  
  104  6:44  Zergling x2  
  104  6:46  Hydralisk  
  114  6:48  Hydralisk  
  114  6:52  Hydralisk  
  118  6:54  Hydralisk  
  118  7:00  Overlord, Hydralisk x2  
  124  7:05  Hydralisk  
  126  7:09  Overlord  
  126  7:10  Hydralisk x2  
  126  7:13  Zergling x10  
  135  7:18  Hydralisk  
  135  7:19  Hydralisk x2  
  140  7:26  Drone x3  
  143  7:32  Hydralisk x4  
  143  7:36  Overlord  
  151  7:38  Drone  
  151  7:42  Overlord  
  151  7:43  Centrifical Hooks  
  148  7:49  Hydralisk x3  
  155  7:59  Muscular Augments, Drone x5  
  155  8:00  Drone x2  
  155  8:02  Hydralisk x2  
  164  8:07  Zergling x6  
  164  8:08  Zergling x4  
  164  8:10  Hydralisk x2  
  172  8:13  Overlord  
  172  8:16  Zergling x6  
  172  8:19  Zergling x4  
  172  8:22  Zergling x4  
  172  8:23  Overlord  
  174  8:32  Overlord  
  174  8:33  Zergling x10  
  179  8:36  Baneling  
  179  8:37  Baneling x15  
  179  8:38  Baneling  
  179  8:43  Baneling  
  179  8:44  Baneling x5  
  179  8:46  Zergling x10  
  179  8:47  Baneling  
  179  8:48  Baneling x2  
  184  8:50  Baneling  
  184  8:51  Baneling  
  184  8:53  Zergling x10  
  184  8:54  Zergling x2  
  190  8:57  Baneling x3  
  190  8:58  Baneling  
  190  8:59  Zergling x8  
  194  9:07  Hydralisk x3  
  194  9:08  Zergling x8  
  192  9:12  Hydralisk  
  192  9:13  Hydralisk, Zergling x4  
  186  9:21  Hydralisk x2  
  186  9:22  Zergling x10  
  189  9:30  Zergling x14  
  188  9:37  Hydralisk, Infestation Pit  
  188  9:38  Zergling x12  
  186  9:41  Baneling x7  
  187  9:48  Baneling x3  
  187  9:50  Queen  
  189  9:56  Baneling x8  
  189  9:58  Baneling  
  189  9:59  Baneling  
  189  10:00  Zergling x4  
  189  10:01  Zergling x6  
  189  10:02  Hatchery  
  183  10:19  Zergling x24  
  183  10:23  Zergling x20  
  181  10:31  Drone x3  
  179  10:38  Zergling x4  
  179  10:39  Zergling x6  
  179  10:42  Zergling x4  
  183  10:46  Hive  
  183  10:47  Spire  
  182  10:51  Zergling x6  
  184  10:57  Zergling x2  
  184  10:58  Zergling x6  
  184  11:03  Drone x3  
  191  11:09  Baneling x9  
  191  11:12  Baneling x7  
  191  11:13  Zergling x2  
  191  11:14  Zergling x12  
  191  11:18  Drone x2  
  199  11:28  Zergling x2  
  192  11:35  Zergling x20  
  171  11:51  Zergling x24  
  171  11:53  Hydralisk x3  
  171  11:54  Zergling x6  
  170  11:59  Greater Spire  
  167  12:01  Drone x5  
  167  12:03  Zergling x2  
  167  12:07  Drone x4  
  176  12:08  Drone  
  176  12:16  Baneling x7  
  176  12:17  Zergling x2  
  176  12:18  Zergling x14  
  184  12:28  Drone x2  
  184  12:29  Drone x2  
  188  12:31  Extractor  
  188  12:34  Extractor  
  188  12:36  Adrenal Glands  
  175  12:53  Drone  
  175  12:54  Drone x9  
  175  12:55  Zergling x2  
  175  12:56  Zergling x14  
  184  12:59  Zergling x2  
  184  13:01  Zergling x10  
  183  13:06  Corruptor x6  
  183  13:09  Corruptor  
  184  13:21  Baneling x5  
  184  13:22  Baneling  
  184  13:23  Corruptor x2  
  188  13:30  Baneling x2  
  188  13:31  Baneling x3  
  188  13:35  Zergling x18  
  188  13:36  Zergling x4  
  170  14:04  Brood Lord x5  
  170  14:06  Drone x2  
  170  14:07  Hydralisk, Drone x3  
  170  14:08  Extractor  
  170  14:09  Queen, Drone x7  
  193  14:11  Extractor  
  193  14:13  Zergling x12  
  193  14:16  Baneling x6  
  198  14:27  Brood Lord  
  199  14:35  Brood Lord  
  199  14:38  Zergling x22  
  187  14:41  Brood Lord  
  187  14:42  Brood Lord  
  187  14:43  Zergling x18  
  192  14:52  Drone x4  
  196  14:57  Hydralisk x2  
  195  15:01  Zergling x4  
  195  15:02  Zergling x4  
  195  15:18  Baneling  
  195  15:19  Baneling x8  
Show
View Real Time Build Order
Export as new Build Order

ShoWTimE Protoss 

Build Orders: 1 Gate Expand, Oracle Opening, Phoenix Opening, Zealot Archon, Archon Drop 

Get SALT Encoding   

  12  0:00  Probe  
  13  0:13  Probe  
  14  0:18  Pylon  
  14  0:25  Probe  
  15  0:33  Probe  
  15  0:39  Gateway  
  15  0:41  Probe  
  16  0:46  Assimilator  
  17  0:51  Probe  
  18  1:03  Probe  
  19  1:15  Probe  
  20  1:25  Nexus  
  20  1:35  Cybernetics Core  
  20  1:37  Probe  
  21  1:44  Assimilator  
  21  1:49  Probe  
  21  1:52  Pylon  
  23  2:01  Probe  
  23  2:02  Adept  
  23  2:13  Probe  
  26  2:15  Stargate  
  26  2:23  Warp Gate  
  26  2:25  Probe  
  26  2:28  Adept  
  29  2:33  Probe  
  30  2:37  Probe  
  30  2:41  Probe  
  31  2:49  Probe  
  31  2:51  Probe, Phoenix  
  33  2:55  Adept  
  36  3:01  Probe  
  36  3:03  Probe  
  40  3:07  Oracle  
  40  3:09  Pylon  
  40  3:14  Probe  
  40  3:17  Probe  
  45  3:24  Assimilator  
  45  3:26  Probe  
  46  3:27  Assimilator  
  46  3:29  Probe  
  47  3:34  Gateway  
  47  3:41  Probe  
  47  3:42  Probe  
  47  3:46  Robotics Facility  
  49  3:49  Probe  
  49  3:54  Probe  
  51  3:56  Pylon  
  51  3:58  Probe  
  51  4:00  Twilight Council  
  52  4:06  Probe  
  52  4:09  Probe  
  54  4:18  Probe  
  54  4:19  Gateway  
  54  4:21  Gateway  
  54  4:22  Warp Prism  
  55  4:27  Probe  
  55  4:30  Zealot  
  58  4:35  Pylon  
  60  4:40  Templar Archives  
  60  4:45  Pylon  
  60  4:57  Nexus  
  60  4:59  Probe x2  
  62  5:04  Shield Battery  
  62  5:09  Forge  
  62  5:12  Charge  
  62  5:13  Probe x2, Pylon  
  62  5:14  Protoss Ground Weapons Level 1  
  64  5:18  Observer  
  65  5:23  High Templar x3  
  65  5:24  High Templar  
  65  5:25  Probe x2  
  75  5:30  Archon  
  75  5:32  Archon  
  75  5:37  Probe  
  75  5:38  Probe  
  75  5:41  Pylon  
  78  5:50  Probe  
  78  5:51  Gateway  
  78  5:53  Gateway  
  78  5:56  Gateway  
  78  5:58  Probe  
  78  5:59  Gateway  
  78  6:02  Probe  
  80  6:08  Zealot x2  
  80  6:10  Probe  
  85  6:14  Zealot  
  85  6:15  Zealot  
  89  6:19  Probe x2  
  89  6:22  Probe  
  92  6:27  Pylon  
  92  6:31  Probe x2  
  94  6:34  Shield Battery, Probe  
  94  6:37  High Templar x4  
  101  6:41  Archon x2  
  101  6:43  Probe x2  
  101  6:46  Probe, Assimilator  
  100  6:47  Protoss Ground Weapons Level 2  
  100  6:50  Assimilator  
  100  6:55  Probe, Pylon  
  100  6:56  Probe  
  100  6:58  Gateway  
  102  7:02  Gateway  
  102  7:03  Psionic Storm, High Templar x2  
  102  7:04  Zealot x2  
  102  7:08  Pylon, Archon  
  110  7:09  Pylon  
  110  7:13  Zealot x3  
  110  7:14  Zealot  
  118  7:21  Pylon  
  116  7:35  Zealot x2  
  116  7:36  Photon Cannon, Zealot  
  122  7:42  Zealot x2  
  122  7:43  Zealot x3  
  132  7:50  Photon Cannon  
  128  7:57  High Templar x3  
  134  8:04  Immortal, Pylon  
  138  8:07  Zealot x2, Pylon  
  138  8:08  Zealot x2  
  146  8:20  High Templar  
  146  8:24  Pylon  
  146  8:25  Pylon  
  148  8:30  Nexus  
  148  8:33  Photon Cannon, Shield Battery  
  148  8:34  Pylon  
  148  8:35  High Templar x2  
  152  8:49  Shield Battery  
  152  8:50  Shield Battery  
  152  8:52  Shield Battery  
  152  8:53  Shield Battery  
  152  8:54  Probe x3  
  155  8:57  High Templar  
  155  8:58  Pylon  
  157  9:07  Photon Cannon, Zealot x4  
  156  9:15  Zealot x2  
  156  9:16  Zealot  
  150  9:20  High Templar x2  
  131  9:35  High Templar x4  
  127  9:39  Zealot x2  
  127  9:40  Nexus, Zealot x2  
  127  9:43  Pylon  
  127  9:44  Protoss Ground Weapons Level 3  
  135  9:46  Pylon  
  135  9:51  Pylon  
  135  9:53  Zealot x2  
  135  9:56  Probe  
  135  9:58  Zealot x2  
  144  10:00  Zealot x2  
  144  10:06  Archon  
  144  10:07  Zealot x2  
  144  10:13  Zealot x4  
  141  10:21  High Templar x4  
  141  10:26  Archon x2  
  139  10:39  Nexus  
  139  10:40  Pylon  
  139  10:42  Zealot x3  
  139  10:43  Zealot x3  
  139  10:44  Pylon  
  139  10:47  Shield Battery  
  151  11:01  Shield Battery x2  
  151  11:02  High Templar x4  
  149  11:06  Archon  
  149  11:07  Archon  
  149  11:09  Shield Battery  
  149  11:11  Pylon, Probe x3  
  152  11:13  High Templar  
  152  11:16  Zealot x2  
  158  11:23  Zealot x2, Probe x3  
  163  11:32  Zealot  
  151  11:37  Probe  
  151  11:38  Probe x2  
  139  11:50  Archon, Probe x3  
  125  11:58  Nexus  
  125  12:00  High Templar x2  
  123  12:02  Probe  
  122  12:09  Pylon  
  122  12:11  High Templar x2, Assimilator  
  122  12:13  High Templar  
  122  12:14  High Templar x2  
  132  12:16  Zealot, Assimilator  
  132  12:21  Archon  
  132  12:22  Protoss Shields Level 1, High Templar  
  134  12:24  Probe x3  
  137  12:36  Probe  
  138  12:42  Shield Battery  
  138  12:50  Zealot x3  
  138  12:51  Zealot x3  
  145  12:56  Zealot x2  
  125  13:06  Zealot x2  
  125  13:07  Probe x2  
  125  13:08  Probe  
  125  13:10  Probe  
  133  13:17  High Templar x3  
  133  13:19  High Templar, Probe  
  140  13:22  Archon x2  
  140  13:25  Probe x3  
  143  13:38  Probe x4  
  143  13:41  High Templar x2  
  151  13:45  Archon  
  151  13:46  Zealot  
  141  13:50  Zealot x3, Probe  
  135  14:00  High Templar x2  
  135  14:01  Probe x3  
  135  14:02  Probe  
  137  14:08  Fleet Beacon  
  137  14:14  Probe x3  
  140  14:19  High Templar x2  
  140  14:21  Pylon  
  140  14:25  Archon  
  140  14:27  Zealot x3  
  130  14:39  Probe x2  
  128  14:47  High Templar  
  128  14:48  High Templar  
  128  14:50  High Templar  
  128  14:52  Stargate  
  133  15:02  Nexus, Zealot x2  
  133  15:05  Pylon  
  127  15:07  Pylon  
  115  15:14  Zealot x4  
  115  15:20  Zealot  
  115  15:21  Zealot  
Tags
 
Add a new tag
Caveats
  • Supply blocks, unpowered buildings, or Contaminate may cause inaccurate times.
  • Supply counts are checked every 10 seconds.